 Dungeon Crawl Stone Soup version 0.32-a0-12-g7fc57aa741 (webtiles) character file.

Game seed: 2535335427326222770

7786 octoduck the Nimble (level 11, -2/76 (81) HPs)
             Began as an Octopode Shapeshifter on Jan 14, 2024.
             Was a Priest of Ru.
             Slain by a yak (13 damage)
             ... on level 9 of the Dungeon on Jan 15, 2024.
             The game lasted 01:01:55 (16480 turns).

octoduck the Nimble (Octopode Shapeshifter)        Turns: 16480, Time: 01:01:56

HP:   -2/76 (81)    AC:  1    Str: 15    XL:     11   Next: 20%
MP:   11/11         EV: 17    Int: 13    God:    Ru [***...]
Gold: 368           SH:  4    Dex: 14    Spells: 10/10 levels left

rFire   . .          .
                       - Unarmed
rCold   + . .        m - +0 buckler
rNeg    . . .        (helmet currently unavailable)
rPois   .            r - amulet of the acrobat
rElec   .            u - ring of protection from cold
rCorr   .            A - ring of see invisible
SInv    +            (no ring)
Will    .....        (no ring)
Stlth   +++          (no ring)
HPRegen 0.32/turn    (no ring)
MPRegen 0.12/turn    (no ring)
                     (no ring)

%: acrobat
@: exhausted, beast-form, drained, unable to drink
A: beast (slay +2), almost no armour, amphibious, 8 rings, camouflage 1,
gelatinous body 1, inability to drink after injury 2, hated by all, (nimble
swimmer 1), tentacles
a: Begin Untransformation, Renounce Religion, Draw Out Power


You were on level 9 of the Dungeon.
You worshipped Ru.
Ru was most pleased with you.
You were a hulking beast.
You visited 2 branches of the dungeon, and saw 11 of its levels.

You collected 569 gold pieces.
You spent 201 gold pieces at shops.

Inventory:

Missiles
 h - 53 poisoned darts
 D - an atropa-tipped dart (quivered)
 E - a curare-tipped dart
Armour
 m - a +0 buckler (worn)
 o - a +0 tower shield
Jewellery
 r - an amulet of the acrobat (around mantle)
 u - a ring of protection from cold (left tentacle)
 A - a ring of see invisible (right tentacle)
 G - a ring of positive energy
Talismans
 b - a beast talisman
 c - a flux talisman
Wands
 f - a wand of roots (6)
 w - a wand of light (6)
 y - a wand of flame (9)
 z - a wand of mindburst (25)
Scrolls
 a - a scroll of summoning
 d - a scroll of poison
 e - 2 scrolls of revelation
 g - a scroll of noise {unknown}
 i - 2 scrolls of amnesia
 j - 2 scrolls of torment
 p - 2 scrolls of fog
 q - a scroll of vulnerability {unknown}
 s - a scroll of enchant weapon
 B - a scroll of enchant armour {unknown}
 C - a scroll of fear {unknown}
Potions
 k - 2 potions of might
 l - 2 potions of attraction {unknown}
 n - a potion of enlightenment
 t - a potion of degeneration {unknown}
 v - 2 potions of haste
 x - 2 potions of brilliance {unknown}
 F - a potion of heal wounds


   Skills:
 - Level 9.7 Fighting
 - Level 10.4 Dodging
 - Level 3.6 Stealth
 * Level 1.8 Shields
 + Level 8.7 Unarmed Combat
 - Level 4.9 Shapeshifting


You had 10 spell levels left.
You didn't know any spells.
Your spell library contained the following spells:

 Spells                   Type           Power      Damage    Failure   Level
 Apportation              Tloc           0%         N/A       38%         1
 Kiss of Death            Conj/Necr      0%         2d5       38%         1
 Necrotise                Necr           0%         1d4       38%         1
 Sting                    Conj/Alch      0%         1d3       38%         1
 Confusing Touch          Hex            0%         N/A       77%         3
 Frozen Ramparts          Ice            0%         1d1       77%         3
 Anguish                  Hex/Necr       0%         N/A       99%         4
 Cause Fear               Hex            0%         N/A       99%         4
 Dispel Undead            Necr           0%         3d6       99%         4
 Leda's Liquefaction      Alch/Erth      0%         N/A       99%         4
 Petrify                  Alch/Erth      0%         N/A       99%         4
 Metabolic Englaciation   Hex/Ice        0%         N/A       100%        5
 Enfeeble                 Hex            0%         N/A       100%        7
 Shatter                  Erth           0%         3d5*      100%        9
 Summon Small Mammal      Summ           Unusable   N/A       N/A         1

Dungeon Overview and Level Annotations

Branches:
Dungeon (10/15)            Temple (1/1) D:7            Lair (0/5) D:8
    Orc (0/2) D:9

Altars:
Ashenzari
Cheibriados
Dithmenos
Elyvilon
Gozag
Kikubaaqudgha
Makhleb
Nemelex Xobeh
Okawaru
Qazlal
Ru
Sif Muna
Trog
Uskayaw
Vehumet
Wu Jian
Xom
Zin
The Shining One

Shops:
D:4 *

Annotations:
D:10 2 transporters, tab's ghost, journeyman TrSh


Innate Abilities, Weirdness & Mutations

You are a hulking beast.
Your limbs bulge with bestial killing power. (Slay +2)
You cannot wear most types of armour.
You are amphibious.
You can wear up to eight rings at the same time.
Your skin changes colour to match your surroundings (Stealth+).
Your rubbery body absorbs attacks. (AC +1, EV +1)
You sometimes lose the ability to drink potions when taking damage.
You are hated by all.
((You are camouflaged when in or above water. (Stealth+)))
You have tentacles for arms and can constrict up to eight enemies at once.


Message History

The howler monkey completely misses you.
The yak misses you. The yak barely misses you. The yak gores you.
There is a stone staircase leading up, spattered with blood here.
The howler monkey begins to attack, but is stunned by your conviction!
The yak misses you. The yak closely misses you. The yak gores you!
The yak misses you.
You climb upwards.
There is a stone staircase leading down here.
You are restored by drawing out deep reserves of power within.
You feel drained. The howler monkey closely misses you.
The yak barely misses you. The yak gores you! The yak barely misses you.
The howler monkey is stunned by your conviction and fails to attack.
You tentacle-slap the yak.
The yak is lightly wounded.
The yak gores you. The yak closely misses you. The yak gores you.
The howler monkey hits you.
You feel threatened and lose the ability to drink potions!
You tentacle-slap the yak.
The yak is moderately wounded.
The yak gores you! The yak misses you. The yak completely misses you.
The howler monkey closely misses you.
You bludgeon the yak!
The yak is heavily wounded.
The yak gores you.
The howler monkey hoots and howls with incredible vigour!
You block the yak's attack. The yak misses you.
You barely miss the yak.
The yak is heavily wounded.
The yak gores you. The howler monkey misses you. You block the yak's attack.
The yak gores you!
* * * LOW HITPOINT WARNING * * *
Okay, then.
You cannot drink potions in your current state!
As you read the scroll labelled ADIHOMASAF, it crumbles to dust.
Wisps of shadow whirl around you...
The shadows disperse without effect.
It was a scroll of summoning.
The howler monkey completely misses you.
The yak is stunned by your conviction and fails to attack.
The yak misses you. The yak gores you!
You die...

#### ##
##############).###
.###..........##.....##
...##.........#.Y.....#
.............#.hY##...#
#...........#).Yh###.##
#...#####......Y###...#
...## ####.........##
.### ###.....### ##
#..#### # #..# ###
#..####.###
##.##.....##
#.##......##


You could see 4 yaks and a howler monkey (catching breath).

Vanquished Creatures
  Pikel (D:5)
  A kobold demonologist (D:9)
  A troll (D:10)
  A vampire (D:8)
  8 yaks
  A wyvern (D:8)
  A warg (D:9)
  2 steam dragons
  5 water moccasins
  An acid dragon (D:9)
  6 black bears
  3 orc warriors
  An ogre (D:3)
  3 ice beasts
  2 sky beasts
  A centaur (D:8)
  A phantom (D:3)
  6 kobold brigands
  3 bullfrogs
  A gnoll sergeant (D:9)
  2 scorpions
  4 wights (D:7)
  10 killer bees
  An electric eel (D:7)
  5 howler monkeys
  4 orc priests
  A bombardier beetle (D:6)
  2 hounds
  2 jellies
  A gnoll bouda (D:5)
  2 iguanas
  A sleepcap (D:5)
  13 orc wizards
  26 gnolls
  11 adders
  2 shadow imps (D:6)
  3 white imps
  2 ufetubi (D:6)
  A dart slug (D:1)
  4 ribbon worms
  35 orcs
  8 ball pythons
  4 endoplasms
  A giant cockroach (D:1)
  10 goblins
  11 hobgoblins
  9 jackals (D:1)
  66 kobolds
  3 quokkas
  6 bats
  6 frilled lizards
  8 rats
  A butterfly (D:6)
314 creatures vanquished.

Vanquished Creatures (others)
  An orc (D:7)
1 creature vanquished.

Grand Total: 315 creatures vanquished

Notes
Turn   | Place    | Note
-------+----------+-------------------------------------------
     0 | D:1      | octoduck the Octopode Shapeshifter began the quest for the
                  | Orb.
     0 | D:1      | Reached XP level 1. HP: 13/13 MP: 1/1
   136 | D:1      | Reached XP level 2. HP: 18/18 MP: 2/2
   169 | D:1      | Reached skill level 1 in Stealth
   668 | D:1      | Reached XP level 3. HP: 18/23 MP: 3/3
  1475 | D:2      | Reached XP level 4. HP: 28/28 MP: 4/4
  1830 | D:2      | Got Lysol's Folio of Stony Curses
  1842 | D:2      | Found a faded altar of an unknown god.
  2407 | D:2      | Reached XP level 5. HP: 33/33 MP: 5/5
  2972 | D:3      | Noticed an ogre
  3354 | D:4      | Noticed a phantom
  3454 | D:4      | Found Uhiom's Gadget Gallery.
  3590 | D:3      | Killed an ogre
  3591 | D:3      | Reached XP level 6. HP: 38/38 MP: 6/6
  3752 | D:3      | Reached skill level 3 in Dodging
  3989 | D:4      | Found a sacrificial altar of Ru.
  3997 | D:4      | Became a worshipper of Ru the Awakened
  4074 | D:5      | Entered Level 5 of the Dungeon
  4223 | D:5      | Reached skill level 5 in Unarmed Combat
  4223 | D:5      | Reached XP level 7. HP: 24/43 MP: 7/7
  4663 | D:5      | Reached skill level 4 in Dodging
  5844 | D:3      | Gained mutation: You occasionally lose the ability to drink
                  | potions when taking damage. [Ru sacrifice]
  5844 | D:3      | Gained mutation: You sometimes lose the ability to drink
                  | potions when taking damage. [Ru sacrifice]
  5844 | D:3      | Reached * piety under Ru
  6558 | D:3      | Reached XP level 8. HP: 41/51 MP: 8/8
  6882 | D:6      | Noticed Pikel
  7132 | D:7      | Reached skill level 5 in Dodging
  7880 | D:7      | Found a burning altar of Makhleb.
  7970 | D:7      | Found a staircase to the Ecumenical Temple.
  8002 | D:7      | Reached skill level 6 in Dodging
  8022 | D:7      | Noticed an angel
  8023 | D:7      | Found a glowing silver altar of Zin.
  8034 | Temple   | Entered the Ecumenical Temple
  8360 | D:8      | Reached skill level 5 in Fighting
  8465 | D:8      | Reached XP level 9. HP: 61/61 MP: 9/9
  8882 | D:8      | Reached skill level 7 in Dodging
  9411 | D:8      | Found a staircase to the Lair.
 10376 | D:5      | Reached skill level 8 in Dodging
 10488 | D:5      | Killed Pikel
 10684 | D:6      | Reached XP level 10. HP: 58/72 MP: 10/10
 10776 | D:6      | Reached skill level 9 in Dodging
 10883 | D:6      | Found a white marble altar of Elyvilon.
 10942 | D:6      | Found a blossoming altar of Fedhas.
 10958 | D:6      | Found a hide-covered altar of Uskayaw.
 10958 | D:6      | Found a sparkling altar of Nemelex Xobeh.
 11581 | D:4      | Bought a wand of roots (7) for 201 gold pieces
 12016 | D:8      | Found a snail-covered altar of Cheibriados.
 13637 | D:8      | Reached skill level 10 in Dodging
 13862 | D:9      | Found a shimmering blue altar of Sif Muna.
 14095 | D:9      | Noticed a kobold demonologist
 14495 | D:9      | Killed a kobold demonologist
 14496 | D:9      | Reached XP level 11. HP: 80/80 MP: 11/11
 14942 | D:9      | Found a staircase to the Orcish Mines.
 15507 | D:9      | Found a stormy altar of Qazlal.
 15839 | D:10     | Entered Level 10 of the Dungeon
 15839 | D:10     | Noticed a two-headed ogre
 15839 | D:10     | Found a transporter.
 15839 | D:10     | Found a transporter.
 15851 | D:10     | Noticed a two-headed ogre
 15852 | D:10     | Found a bloodstained altar of Trog.
 15852 | D:10     | Noticed a two-headed ogre
 15852 | D:10     | Noticed tab's ghost (journeyman TrSh)
 15852 | D:10     | Noticed a two-headed ogre
 15856 | D:10     | Noticed a tengu warrior
 15862 | D:10     | Noticed a moth of wrath
 16031 | D:10     | Reached skill level 1 in Shields
 16036 | D:10     | Gained mutation: You are hated by all. [Ru sacrifice]
 16036 | D:10     | Reached ** piety under Ru
 16036 | D:10     | Reached *** piety under Ru
 16480 | D:9      | Slain by a yak

Illustrated notes

Levels and vault maps discovered:
D:1:      saegor_arrival_simple_b, layout_basic, minmay_split_cup_large
D:2:      layout_loops_ring, chequers_ecumenical_altar_simple
D:3:      minmay_goblin_kobold_castle, layout_loops_ring, serial_bayou,
          serial_bayou_shore_a, serial_bayou_lagoon_a, serial_bayou_pond_e,
          serial_bayou_pond_b, minivault_24
D:4:      layout_rooms, nicolae_ru_the_path_less_chosen, nicolae_shop_gadgets
D:5:      layout_cave_pods
D:6:      layout_cave_pools, chequers_temple_overflow_statue_of_worship,
          nicolae_elyvilon_peaceful_grove, fedhas_altar_3, nicolae_letterblocks
          [nicolae_letter_subblock, nicolae_letter_subblock,
          nicolae_letter_subblock, nicolae_letter_subblock,
          nicolae_letter_subblock, nicolae_letter_subblock,
          nicolae_letter_subblock, nicolae_letter_subblock,
          nicolae_letter_subblock, nicolae_letter_subblock,
          nicolae_letter_subblock, nicolae_letter_subblock,
          nicolae_letter_subblock, nicolae_letter_subblock,
          nicolae_letter_subblock, nicolae_letter_subblock,
          nicolae_letter_subblock, nicolae_letter_subblock,
          nicolae_letter_subblock, nicolae_letter_subblock,
          nicolae_letter_subblock, nicolae_letter_subblock,
          nicolae_letter_subblock, nicolae_letter_subblock,
          nicolae_letter_subblock], uniq_pikel
D:7:      layout_loops_ring, lemuel_crystal_altar, zin_angel,
          minmay_temple_entry_gardened_gates, fountainhead
D:8:      layout_loops_corners, slow_altar_1, due_lair_maze_entry_diamond,
          enter_bailey_4
D:9:      layout_cave_pods, general_overflow_altar, kennysheep_mini_moat,
          david_orc_3
D:10:     layout_irregular_city, gammafunk_ghost_wrathful_warriors
Temple:   minmay_temple_bridge_abc

Skill      XL: |  1  2  3  4  5  6  7  8  9 10 11 |
---------------+----------------------------------+-----
Stealth        | 1 2 3 |  3.6
Unarmed Combat | 4 5 6 8 |  8.7
Shapeshifting  | 4 |  4.9
Dodging        | 3 4 6 8 10 | 10.4
Fighting       | 2 5 7 9 |  9.7
Shields        | 1 |  1.8

Action                     |  1- 3 |  4- 6 |  7- 9 | 10-12 || total
---------------------------+-------+-------+-------+-------++-------
  Melee: Unarmed           |    68 |    87 |   262 |   308 ||   725
         Constrict         |    22 |    27 |    67 |    60 ||   176
         Tentacles         |    13 |    23 |    62 |    87 ||   185
         Punch             |     5 |     4 |    15 |    29 ||    53
  Throw: Dart              |       |     6 |    11 |     2 ||    19
         Throwing net      |       |     1 |       |       ||     1
 Invoke: Sacrifice Drink   |       |       |     1 |       ||     1
         Reject Sacrifices |       |       |     1 |       ||     1
         Draw Out Power    |       |       |       |     1 ||     1
         Sacrifice Love    |       |       |       |     1 ||     1
  Evoke: Wand              |       |     1 |    25 |     4 ||    30
    Use: Scroll            |     1 |     6 |     7 |     3 ||    17
         Potion            |       |     1 |     4 |     2 ||     7
   Stab: Sleeping          |     8 |    15 |     4 |     3 ||    30
         Distracted        |     1 |     2 |     2 |     2 ||     7
         Invisible         |       |       |     1 |       ||     1
 Armour: Skin              |    20 |    30 |   122 |   127 ||   299
  Dodge: Dodged            |    31 |    27 |   209 |   230 ||   497
  Block: Buckler           |       |       |       |     7 ||     7

Table legend: (Time is in decaauts)
 A = Elapsed time spent in this place.
 B = Non-inter-level travel time spent in this place.
 C = Inter-level travel time spent in this place.
 D = Time resting spent in this place.
 E = Time spent auto-exploring this place.
 F = Levels seen in this place.
 G = Mean time per level.
                   A        B        C        D        E       F      G
               +--------+--------+--------+--------+--------+-----+--------+
         Total |  16435 |  14777 |   1658 |   5197 |   4276 |  11 | 1494.1 |
       Dungeon |  16433 |  14775 |   1658 |   5197 |   4276 |  10 | 1643.3 |
        Temple |      1 |      1 |      0 |      0 |      0 |   1 |    1.0 |
               +--------+--------+--------+--------+--------+-----+--------+

Top non-repeatable levels by time:
     D:8: 2719 daAuts
     D:3: 2506 daAuts
     D:9: 2443 daAuts
     D:7: 1907 daAuts
     D:5: 1795 daAuts
     D:1: 1449 daAuts
     D:2: 1136 daAuts
     D:4: 1053 daAuts
     D:6: 1025 daAuts
    D:10: 396 daAuts
  Temple: 1 daAuts
